 Dungeon Crawl Stone Soup version 0.20.1-1-g8b1a95d (webtiles) character file.

95165 Gargoyl the Tortoise (level 15, -1/150 HPs)
             Began as a Minotaur Abyssal Knight on Sept 26, 2017.
             Was the Champion of Lugonu.
             Slain by a white very ugly thing (26 damage)
             ... on level 14 of the Dungeon.
             The game lasted 00:51:43 (29996 turns).

Gargoyl the Tortoise (Minotaur Abyssal Knight)     Turns: 29996, Time: 00:51:44

Health: -1/150     AC: 26    Str: 23    XL:     15   Next: 65%
Magic:  18/18      EV: 15    Int:  9    God:    Lugonu [******]
Gold:   710        SH:  9    Dex: 10    Spells: 14/14 levels left

rFire    . . .     SeeInvis .   g - +5 war axe of the Skies Above {chop, rElec}
rCold    . . .     Gourm    .   K - +0 buckler
rNeg     . . .     Faith    .   h - +5 chain mail {MR+}
rPois    .         Spirit   .   (helmet unavailable)
rElec    +         Reflect  +   s - +1 cloak
rCorr    .         Harm     .   (no gloves)
MR       +++..                  u - +2 pair of boots
Stlth    ..........             r - +4 amulet of reflection
Regen    0.4/turn               O - +4 ring of evasion
MPRegen  0.2/turn               b - ring of protection from magic

@: no status effects
A: retaliatory headbutt, horns 3, blurry vision 1, clumsy 1, deterioration 1,
low mp 2, robust 1, electricity resistance, strong 1, MP-powered wands
a: Depart the Abyss, Bend Space, Banish, Corrupt, Enter the Abyss, Brand Weapon
With Distortion, Renounce Religion


You were on level 14 of the Dungeon.
You worshipped Lugonu.
Lugonu was exalted by your worship.
You were not hungry.

You visited 2 branches of the dungeon, and saw 20 of its levels.
You visited the Abyss 1 time.
You also visited: Sewer and Ice Cave.

You collected 1614 gold pieces.
You spent 904 gold pieces at shops.

Inventory:

Hand Weapons
 g - the +5 war axe of the Skies Above (weapon) {chop, rElec}
   (You found it on level 6 of the Dungeon)

   It inflicts extra damage upon your enemies.
   It insulates you from electricity.
 i - the +3 mace of the Owl {crush, SInv Stlth+}
   (You found it on level 1 of the Lair of Beasts)

   It inflicts extra damage upon your enemies.
   It lets you see invisible.
   It makes you more stealthy.
 o - a +6 hand axe of flaming
 y - a +4 hand axe
 D - a +3 hand axe of holy wrath
Missiles
 x - 5 javelins of penetration (quivered)
Armour
 h - a +5 chain mail of magic resistance (worn)
 s - a +1 cloak (worn)
 u - a +2 pair of boots (worn)
 K - a +0 buckler (worn)
Jewellery
 b - a ring of protection from magic (right hand)
 e - an uncursed ring of positive energy
 r - a +4 amulet of reflection (around neck)
 O - a +4 ring of evasion (left hand)
 U - an uncursed amulet of regeneration
Wands
 p - a wand of random effects (15/48)
 B - a wand of random effects (22/48)
Scrolls
 d - 3 scrolls of fear
 m - 7 scrolls of teleportation
 C - 6 scrolls of remove curse
 L - 2 scrolls of identify
 M - a scroll of blinking
 P - a scroll of recharging
 R - a scroll of magic mapping
 S - a scroll of fog
Potions
 f - 3 potions of might
 j - 6 potions of flight
 k - 4 potions of curing
 n - 5 potions of brilliance
 q - a potion of haste
 t - 2 potions of cancellation
 E - 2 potions of agility
 H - a potion of invisibility
 I - a potion of magic
 J - a potion of heal wounds
 V - a potion of resistance
Miscellaneous
 Q - a lightning rod (4/4)
Comestibles
 a - 26 fruits
 c - 12 bread rations
 l - 13 royal jellies
 w - 7 meat rations
 Y - a chunk of flesh


   Skills:
 + Level 13.8 Fighting
 + Level 17.4 Axes
 + Level 0.6 Throwing
 * Level 17.9 Armour
 + Level 6.0 Dodging
 + Level 5.0 Shields
 * Level 12.1 Invocations
 + Level 1.3 Evocations


You had 14 spell levels left.
You didn't know any spells.

Dungeon Overview and Level Annotations

Branches:
Dungeon (14/15)            Temple (0/1) D:7            Lair (6/6) D:8
  Swamp (0/4) Lair:2        Snake (0/4) Lair:2        Slime (0/5) Lair:5
    Orc (0/2) D:12
 Vaults: D:13-14

Altars:
Ashenzari
Elyvilon
Kikubaaqudgha
Nemelex Xobeh
Okawaru
Ru
Jiyva

Shops:
D:8 [   D:10 }   D:12 =

Annotations:
D:6 2 runed doors
D:11 1 runed door
Abyss:1 Sonja, Urug


Innate Abilities, Weirdness & Mutations

You reflexively headbutt those who attack you in melee.
You have a pair of large horns on your head.
Scrolls take you a little longer to read.
You are clumsy. (Dex -2)
Your body sometimes deteriorates upon taking damage.
Your magical capacity is very low. (-20% MP)
You are robust. (+10% HP)
You are resistant to electric shocks. (rElec)
Your muscles are strong. (Str +2)
You expend magic power (3 MP) to strengthen your wands.


Message History

You closely miss the white very ugly thing.
The white very ugly thing is moderately wounded.
You hit the orc warrior but do no damage.
You hit the centaur warrior. The centaur warrior barely misses you.
The white very ugly thing kicks you. The white very ugly thing freezes you!!
* * * LOW HITPOINT WARNING * * *
The centaur warrior hits you but does no damage.
The orc warrior completely misses you.
You slash the white very ugly thing!
Your headbutt misses the white very ugly thing.
The white very ugly thing is moderately wounded.
You slice the shadow!! You hit the orc warrior.
You kill the orc warrior!
Lugonu accepts your kill.
You closely miss the centaur warrior. You block the shadow's attack.
The centaur warrior hits you but does no damage.
The white very ugly thing kicks you!!
* * * LOW HITPOINT WARNING * * *
The white very ugly thing freezes you!!
You die...

#...(.........
#..###########
###########..#
.........##..########
.........#...........
.........#..........
.........#......#
...=..c)W#.##...#
..?.$.u@)'(##.[.#
...?..)).####...#
.........# #...#
.........# #...#
.........# #...#
.........# #...#
#############...########
................
................


You could see a white very ugly thing, a centaur warrior and a shadow.

Vanquished Creatures
  Kirke (Lair:4)
  A storm dragon (D:14)
  A frost giant (IceCv)
  The ghost of Fandomethor the Fighter, a journeyman MiBe of Trog (Lair:6)
  Josephine (D:12)
  Erolcha (D:9)
  8 vault guards
  7 hydras
  8 two-headed ogres
  5 death yaks
  A centaur warrior (D:11)
  A death knight (D:11)
  The ghost of DeXoteric the Grappler, a novice TrMo of Ru (D:11)
  An unseen horror (D:11)
  A swamp dragon (Lair:2)
  Pikel (D:8)
  5 ugly things
  5 cyclopes
  A manticore (D:11)
  16 elephants
  2 black mambas
  Psyche (D:8)
  An ice statue (IceCv)
  A gargoyle (D:11)
  11 spiny frogs
  3 rime drakes
  12 komodo dragons
  4 trolls
  18 polar bears
  8 hornets
  A queen bee (Lair:3)
  18 blink frogs
  Prince Ribbit (D:9)
  7 dream sheep (Lair:6)
  17 hippogriffs
  12 spriggans
  A shadow (D:12)
  53 yaks
  5 wraiths (D:12)
  Grum (D:8)
  3 basilisks
  4 wyverns
  3 hogs (Lair:4)
  4 vampire mosquitoes (D:14)
  A hungry ghost (D:11)
  3 nagas (Lair:2)
  Duvessa (D:4)
  21 water moccasins
  7 porcupines
  4 ice beasts
  7 sky beasts
  2 slaves (D:8)
  5 orc warriors
  A phantom (D:5)
  2 necrophages
  7 ogres
  4 boggarts (Lair:6)
  5 black bears
  45 wolves
  13 centaurs
  15 crocodiles
  5 big kobolds
  2 gnoll sergeants
  22 bullfrogs
  Dowan (D:4)
  A wyvern skeleton (D:11)
  A water moccasin skeleton (D:5)
  30 killer bees
  2 scorpions
  A wight (D:6)
  An electric eel (Lair:6)
  6 howler monkeys
  A bullfrog zombie (D:11)
  3 crimson imps
  2 centaur zombies
  3 quasits
  9 hounds
  4 orc priests
  11 orc wizards
  Crazy Yiuf (D:4)
  A bullfrog skeleton (D:12)
  5 jellies
  Jessica (D:3)
  5 iguanas
  Ijyb (D:4)
  Terence (D:3)
  14 worker ants
  A howler monkey zombie (D:8)
  A worker ant zombie (D:11)
  11 gnolls
  2 river rats (Sewer)
  13 adders
  2 shadow imps
  A white imp (D:7)
  An ooze (D:3)
  3 adder skeletons
  A worm (D:2)
  3 dart slugs (D:2)
  13 leopard geckos
  55 orcs
  9 giant cockroaches
  9 goblins
  9 hobgoblins
  22 jackals
  14 kobolds
  7 quokkas
  3 ball pythons
  9 bats
  5 frilled lizards
  A leopard gecko skeleton (D:4)
  A quokka zombie (D:5)
  12 rats
  2 fungi
  A plant (Lair:6)
746 creatures vanquished.

Vanquished Creatures (others)
  An iron giant (shapeshifter) (D:14)
  A yaktaur captain (D:13)
  A polar bear (IceCv)
  2 slaves (D:8)
  A wolf (IceCv)
  A killer bee zombie (D:8)
  A worker ant zombie (D:8)
  13 fungi
  9 plants
30 creatures vanquished.

Grand Total: 776 creatures vanquished

Notes
Turn   | Place    | Note
-------+----------+-------------------------------------------
     0 | Abyss:1  | Gargoyl the Minotaur Abyssal Knight began the quest for the Orb.
     0 | Abyss:1  | Reached XP level 1. HP: 19/19 MP: 1/1
    11 | Abyss:2  | Noticed a large abomination
    27 | D:1      | Escaped the Abyss
   203 | D:1      | Reached XP level 2. HP: 27/27 MP: 2/2
   240 | D:1      | Reached * piety under Lugonu
   714 | D:1      | Reached XP level 3. HP: 33/33 MP: 3/3
  1462 | D:2      | Found a sacrificial altar of Ru.
  1523 | D:2      | Found a faded altar of an unknown god.
  1585 | D:2      | Reached XP level 4. HP: 32/40 MP: 4/4
  1796 | D:2      | Reached ** piety under Lugonu
  2091 | D:3      | Found a glowing drain.
  2109 | Sewer    | Entered a sewer
  2184 | Sewer    | Noticed a big kobold
  2196 | Sewer    | Killed a big kobold
  2196 | Sewer    | Reached XP level 5. HP: 35/46 MP: 6/6
  2280 | Sewer    | Found a glowing silver altar of Zin.
  2730 | D:3      | Found a white marble altar of Elyvilon.
  2840 | D:3      | Found an iron altar of Okawaru.
  2895 | D:3      | Reached XP level 6. HP: 52/52 MP: 7/7
  2952 | D:3      | Noticed Jessica
  2953 | D:3      | Noticed Terence
  2959 | D:3      | Killed Terence
  2961 | D:3      | Killed Jessica
  2961 | D:3      | Reached skill level 5 in Armour
  3089 | D:4      | Noticed Ijyb
  3096 | D:4      | Killed Ijyb
  3096 | D:4      | Reached *** piety under Lugonu
  3096 | D:4      | Reached skill level 5 in Axes
  3202 | D:4      | Found a runed door.
  3638 | D:4      | Reached XP level 7. HP: 60/60 MP: 8/8
  3656 | D:4      | Noticed Duvessa
  3662 | D:4      | Noticed Dowan
  3672 | D:4      | Killed Duvessa
  3676 | D:4      | Killed Dowan
  3837 | D:4      | Reached skill level 5 in Fighting
  3993 | D:4      | Found a shattered altar of Ashenzari.
  4412 | D:4      | Noticed Crazy Yiuf
  4417 | D:4      | Killed Crazy Yiuf
  4462 | D:5      | Entered Level 5 of the Dungeon
  4476 | D:5      | Reached XP level 8. HP: 68/68 MP: 9/9
  4662 | D:5      | Gained mutation: Your flesh is cold resistant. (rC+) [mutagenic meat]
  4663 | D:5      | Gained mutation: Your system is resistant to poisons. (rPois) [mutagenic meat]
  5366 | D:6      | Found a large runed door.
  5393 | D:6      | Found a large runed door.
  5410 | D:6      | Found a large runed door.
  5410 | D:6      | Found a large runed door.
  5637 | D:6      | Got a warped war axe
  5638 | D:6      | Identified the +5 war axe of the Skies Above {chop, rElec} (You found it on level 6 of the Dungeon)
  5691 | D:6      | Reached **** piety under Lugonu
  5872 | D:6      | Noticed a cyclops
  6239 | D:6      | Killed a cyclops
  6239 | D:6      | Reached skill level 5 in Invocations
  6239 | D:6      | Reached XP level 9. HP: 45/75 MP: 11/11
  6622 | D:7      | Found a staircase to the Ecumenical Temple.
  6639 | D:7      | Found a sparkling altar of Nemelex Xobeh.
  6681 | D:7      | Reached skill level 10 in Armour
  7367 | D:7      | Gained mutation: You are weak. (Str -2) [mutagenic meat]
  7368 | D:7      | Gained mutation: You have sharp toenails. [mutagenic meat]
  7371 | D:7      | Gained mutation: Your body sometimes deteriorates upon taking damage. [mutagenic meat]
  7641 | D:8      | Noticed Pikel
  7665 | D:8      | Killed Pikel
  7685 | D:8      | Reached XP level 10. HP: 78/84 MP: 13/13
  7696 | D:8      | Lost mutation: You have sharp toenails. [potion of mutation]
  7696 | D:8      | Lost mutation: Your body sometimes deteriorates upon taking damage. [potion of mutation]
  7696 | D:8      | Lost mutation: You are weak. (Str -2) [potion of mutation]
  7696 | D:8      | Lost mutation: Your flesh is cold resistant. (rC+) [potion of mutation]
  7696 | D:8      | Gained mutation: You are weak. (Str -2) [potion of mutation]
  7696 | D:8      | Gained mutation: You possess an exceptional clarity of mind. [potion of mutation]
  7696 | D:8      | Gained mutation: You passively map a small area around you. [potion of mutation]
  7697 | D:8      | Lost mutation: You possess an exceptional clarity of mind. [potion of mutation]
  7697 | D:8      | Lost mutation: You passively map a small area around you. [potion of mutation]
  7697 | D:8      | Lost mutation: Your system is resistant to poisons. (rPois) [potion of mutation]
  7697 | D:8      | Gained mutation: Your flesh is heat resistant. (rF+) [potion of mutation]
  7697 | D:8      | Gained mutation: Your system is resistant to poisons. (rPois) [potion of mutation]
  7697 | D:8      | Gained mutation: You have an increased reservoir of magic. (+10% MP) [potion of mutation]
  7697 | D:8      | Gained mutation: You possess an exceptional clarity of mind. [potion of mutation]
  7719 | D:8      | Noticed a two-headed ogre
  7728 | D:8      | Killed a two-headed ogre
  7728 | D:8      | Reached skill level 10 in Axes
  7757 | D:8      | Noticed a two-headed ogre
  7906 | D:8      | Noticed a two-headed ogre
  7909 | D:8      | Killed a two-headed ogre
  8144 | D:8      | Killed a two-headed ogre
  8318 | D:8      | Noticed Grum
  8327 | D:8      | Reached ***** piety under Lugonu
  8333 | D:8      | Killed Grum
  8483 | D:8      | Noticed a two-headed ogre
  8490 | D:8      | Killed a two-headed ogre
  8875 | D:8      | Noticed Psyche
  8886 | D:8      | Killed Psyche
  8975 | D:8      | Found a staircase to the Lair.
  9123 | D:8      | Reached XP level 11. HP: 87/94 MP: 16/16
  9127 | D:8      | Lost mutation: You possess an exceptional clarity of mind. [potion of mutation]
  9127 | D:8      | Lost mutation: Your flesh is heat resistant. (rF+) [potion of mutation]
  9127 | D:8      | Lost mutation: You are weak. (Str -2) [potion of mutation]
  9127 | D:8      | Lost mutation: You have an increased reservoir of magic. (+10% MP) [potion of mutation]
  9127 | D:8      | Gained mutation: Scrolls take you a little longer to read. [potion of mutation]
  9127 | D:8      | Gained mutation: Your flesh is heat resistant. (rF+) [potion of mutation]
  9243 | D:8      | Found Lixzeigh's Armour Emporium.
  9562 | Lair:1   | Entered Level 1 of the Lair of Beasts
  9562 | Lair:1   | Noticed a six-headed hydra
  9575 | Lair:1   | Killed a one-headed hydra
  9605 | Lair:1   | Noticed Sonja
  9936 | D:8      | Banished Sonja
 10794 | Lair:1   | Noticed an eight-headed hydra
 10806 | Lair:1   | Killed a four-headed hydra
 11145 | Lair:1   | Reached skill level 1 in Evocations
 11489 | D:8      | Bought a +4 chain mail of magic resistance for 472 gold pieces
 11611 | Lair:1   | Got a shimmering mace
 11612 | Lair:1   | Identified the +3 mace of the Owl {crush, SInv Stlth+} (You found it on level 1 of the Lair of Beasts)
 12013 | Lair:2   | Found a staircase to the Swamp.
 12279 | Lair:2   | Found an ancient bone altar of Kikubaaqudgha.
 12526 | Lair:2   | Noticed a seven-headed hydra
 12544 | Lair:2   | Killed a two-headed hydra
 12842 | Lair:2   | Reached XP level 12. HP: 90/104 MP: 15/17
 13016 | Lair:2   | Found a staircase to the Snake Pit.
 15192 | Lair:3   | Reached skill level 10 in Fighting
 15217 | Lair:3   | Reached skill level 15 in Armour
 15225 | Lair:3   | Reached ****** piety under Lugonu
 15227 | Lair:3   | HP: 5/106 [rime drake (5)]
 15574 | Lair:3   | Got a shimmering trident
 15575 | Lair:3   | Identified the +0 trident of Zafeduall {protect, rN+ Int+6} (You found it on level 3 of the Lair of Beasts)
 15917 | Lair:4   | Noticed a death yak
 15918 | Lair:4   | Noticed a death yak
 15924 | Lair:4   | Noticed a death yak
 15929 | Lair:4   | Noticed a death yak
 15941 | Lair:3   | Killed a death yak
 15945 | Lair:3   | Killed a death yak
 15945 | Lair:3   | Reached XP level 13. HP: 68/114 MP: 19/19
 16668 | Lair:4   | Got a pitted chain mail
 16679 | Lair:4   | Identified the +1 chain mail of the Exiled Beds {+Blink} (You found it on level 4 of the Lair of Beasts)
 16791 | Lair:4   | Noticed Kirke
 16809 | Lair:4   | Killed Kirke
 16849 | Lair:4   | Reached skill level 15 in Axes
 17760 | Lair:5   | Reached skill level 10 in Invocations
 18318 | Lair:5   | Found a staircase to the Slime Pits.
 18319 | Lair:5   | Found a viscous altar of Jiyva.
 19118 | Lair:6   | Entered Level 6 of the Lair of Beasts
 19361 | Lair:6   | Reached skill level 5 in Dodging
 19660 | Lair:6   | Reached XP level 14. HP: 82/125 MP: 20/20
 20149 | Lair:6   | Noticed Fandomethor's ghost (journeyman MiBe)
 20181 | Lair:6   | HP: 5/125 [Fandomethor's ghost (6)]
 21290 | Lair:6   | Killed Fandomethor's ghost
 22428 | D:9      | Noticed Prince Ribbit
 22434 | D:9      | Killed Prince Ribbit
 22555 | D:9      | Lost mutation: Your flesh is heat resistant. (rF+) [potion of mutation]
 22555 | D:9      | Lost mutation: Scrolls take you a little longer to read. [potion of mutation]
 22555 | D:9      | Lost mutation: Your system is resistant to poisons. (rPois) [potion of mutation]
 22555 | D:9      | Gained mutation: Your magical capacity is low. (-10% MP) [potion of mutation]
 22555 | D:9      | Gained mutation: Scrolls take you a little longer to read. [potion of mutation]
 22555 | D:9      | Gained mutation: You possess an exceptional clarity of mind. [potion of mutation]
 22790 | D:9      | Noticed Erolcha
 22798 | D:9      | Killed Erolcha
 22969 | D:10     | Entered Level 10 of the Dungeon
 23042 | D:10     | Found Baytu's Gadget Shop.
 23853 | D:10     | Noticed Urug
 23907 | D:10     | Banished Urug
 24588 | D:11     | Paralysed by a hornet for 2 turns
 24877 | D:11     | Noticed DeXoteric's ghost (novice TrMo)
 24885 | D:11     | Killed DeXoteric's ghost
 25063 | D:11     | Found a runed door.
 25535 | D:11     | Reached skill level 1 in Shields
 25615 | D:11     | Found a runed door.
 25964 | D:11     | Gained mutation: Armour fits poorly on your strangely shaped body. [mutagenic meat]
 25965 | D:11     | Gained mutation: Your body sometimes deteriorates upon taking damage. [mutagenic meat]
 26059 | D:12     | Found a staircase to the Orcish Mines.
 26372 | D:12     | Noticed Josephine
 26383 | D:12     | Killed Josephine
 26402 | D:12     | Reached XP level 15. HP: 88/135 MP: 20/20
 26561 | D:12     | Found Sear's Jewellery Boutique.
 26564 | D:12     | Bought a +4 amulet of reflection for 432 gold pieces
 26846 | D:12     | Lost mutation: Armour fits poorly on your strangely shaped body. [mutagenic meat]
 26847 | D:12     | Gained mutation: Your muscles are strong. (Str +2) [mutagenic meat]
 26848 | D:12     | Gained mutation: You are resistant to electric shocks. (rElec) [mutagenic meat]
 27063 | D:13     | Found a frozen archway.
 27073 | IceCv    | Entered an ice cave
 27802 | IceCv    | Noticed a frost giant
 27822 | IceCv    | Killed a frost giant
 28297 | D:13     | Noticed a storm dragon
 28302 | D:13     | Noticed a storm dragon
 28302 | D:13     | an emperor scorpion changed into a storm dragon
 28596 | D:13     | Noticed a storm dragon
 28596 | D:13     | an alligator snapping turtle changed into a storm dragon
 28602 | D:13     | a storm dragon changed into something unseen
 28627 | D:14     | Killed a storm dragon
 28827 | D:14     | Noticed a sphinx
 28827 | D:14     | a dire elephant changed into a sphinx
 28829 | D:14     | a sphinx changed into an iron troll
 28835 | D:14     | Noticed a sphinx
 28835 | D:14     | an alligator snapping turtle changed into a sphinx
 28836 | D:14     | Noticed a shadow dragon
 28836 | D:14     | a sphinx changed into a shadow dragon
 28845 | D:14     | Noticed an iron giant
 28845 | D:14     | a shadow dragon changed into an iron giant
 28851 | D:14     | Banished an iron giant
 29271 | D:13     | Identified a scroll of acquirement
 29271 | D:13     | Got a steaming cloak
 29282 | D:13     | Identified the -2 cloak "Gipliucha" {rF+ Int+3} (You acquired it on level 13 of the Dungeon)
 29412 | D:13     | Gained mutation: Your magical capacity is very low. (-20% MP) [mutagenic meat]
 29413 | D:13     | Gained mutation: You are robust. (+10% HP) [mutagenic meat]
 29736 | D:13     | Reached skill level 5 in Shields
 29841 | D:13     | Gained mutation: You expend magic power (3 MP) to strengthen your wands. [mutagenic meat]
 29842 | D:13     | Lost mutation: You possess an exceptional clarity of mind. [mutagenic meat]
 29843 | D:13     | Gained mutation: You have a pair of large horns on your head. [mutagenic meat]
 29844 | D:13     | Gained mutation: You are clumsy. (Dex -2) [mutagenic meat]
 29996 | D:14     | Slain by a white very ugly thing

Skill      XL: |  1  2  3  4  5  6  7  8  9 10 11 12 13 14 15 |
---------------+----------------------------------------------+-----
Invocations    | 2 3 5 6 8 9 10 11 12 | 12.1
Fighting       | 4 5 6 8 9 10 11 13 | 13.8
Armour         | 3 4 5 6 9 10 12 14 15 16 17 | 17.9
Axes           | 3 4 5 6 8 9 11 12 14 15 16 17 | 17.4
Dodging        | 2 3 4 5 6 |  6.0
Evocations     | 1 |  1.3
Shields        | 1 5 |  5.0
Throwing       | |  0.6

Action                   |  1- 3 |  4- 6 |  7- 9 | 10-12 | 13-15 || total
-------------------------+-------+-------+-------+-------+-------++-------
Melee: Hand axe          |    54 |    73 |   153 |    26 |    83 ||   389
       Headbutt          |     6 |    14 |    40 |   113 |   243 ||   416
       War axe           |    17 |    64 |   149 |   530 |  1149 ||  1909
Throw: Tomahawk          |       |       |       |       |     3 ||     3
Invok: Depart the Abyss  |     1 |       |       |       |       ||     1
       Banish            |       |       |       |     1 |     3 ||     4
Evoke: Wand              |       |     2 |       |     5 |     6 ||    13
  Use: Potion            |     1 |     1 |     1 |     7 |     8 ||    18
       Scroll            |     4 |     4 |     7 |    16 |    18 ||    49
 Stab: Distracted        |       |       |       |     1 |       ||     1
       Paralysed         |       |       |       |       |     1 ||     1
  Eat: Chunk             |     2 |     7 |    21 |    26 |    47 ||   103
       Bread ration      |       |       |       |       |     3 ||     3
Armor: Leather armour    |     7 |       |       |       |       ||     7
       Scale mail        |    39 |     2 |       |       |       ||    41
       Chain mail        |       |   102 |    97 |   265 |   751 ||  1215
       Plate armour      |       |       |    93 |   210 |       ||   303
Dodge: Dodged            |    70 |    81 |   116 |   298 |   790 ||  1355
Block: Buckler           |       |       |       |       |   215 ||   215
       Reflection        |       |       |       |       |     2 ||     2
